Map: Ulrena

Players

HAMI

  • Race: Protoss Protoss
  • League: Gold

LindyHop - Winner!

  • Race: Zerg Zerg
  • League: Silver

VOD

Have the link to the VOD?

Description

Time

  • Played on: Dec. 5, 2015, 2:15 p.m.
  • Length: 4:23
Show
View Real Time Build Order
Export as new Build Order

HAMI Protoss 

Build Orders:  

Get SALT Encoding   

  12  0:02  Probe (Chrono Boost)  
  13  0:16  Pylon  
  13  0:26  Pylon  
  13  0:38  Gateway  
  13  0:42  Probe (Chrono Boost)  
  14  0:53  Probe (Chrono Boost)  
  15  1:03  Forge  
  15  1:13  Gateway  
  15  1:27  Zealot (Chrono Boost)  
  17  1:38  Cybernetics Core  
  17  1:41  Photon Cannon  
  17  1:45  Probe  
  18  1:52  Assimilator  
  18  1:57  Zealot (Chrono Boost)  
  20  2:12  Gateway  
  20  2:28  Photon Cannon  
  20  2:39  Pylon  
  20  2:50  Assimilator  
  22  2:59  Zealot (Chrono Boost)  
  24  3:07  Zealot (Chrono Boost)  
  24  3:23  Probe  
  17  3:35  Probe  
  13  3:47  Probe  
  12  4:12  Photon Cannon  
Show
View Real Time Build Order
Export as new Build Order

LindyHop Zerg - Winner!

Build Orders: Pool First 

Get SALT Encoding   

  12  0:01  Drone  
  13  0:35  Drone  
  14  0:53  Extractor  
  14  0:56  Spawning Pool  
  12  0:58  Drone  
  13  1:05  Overlord  
  13  1:14  Drone  
  14  1:26  Drone x2  
  16  1:44  Zergling x4  
  16  1:46  Queen  
  20  1:52  Metabolic Boost  
  20  2:14  Zergling x4  
  20  2:15  Overlord  
  22  2:20  Baneling Nest  
  20  2:32  Zergling x2  
  21  2:44  Zergling x2  
  22  3:02  Zergling x2  
  22  3:03  Zergling x2  
  24  3:07  Zergling x2  
  24  3:09  Hatchery  
  24  3:11  Zergling x2  
  25  3:30  Zergling x6  
  27  3:50  Zergling x2  
  27  3:51  Zergling x4  
  27  3:57  Zergling x2  
Tags
 
Matchup
PvZ
Opening
Pool First
Add a new tag
Caveats
  • Supply blocks, unpowered buildings, or Contaminate may cause inaccurate times.
  • Supply counts are checked every 10 seconds.